 Dungeon Crawl Stone Soup version 0.29.1-2-gbd0b4ee654 (webtiles) character file.

Game seed: 2975427058683714207

94391 Icepheonix32 the Martial Artist (level 15, -5/111 HPs)
             Began as a Demigod Transmuter on Nov 9, 2022.
             Slain by an orc warlord
             ... wielding a +2 war axe of freezing
              (26 damage)
             ... on level 1 of the Orcish Mines on Nov 10, 2022.
             The game lasted 01:45:10 (36103 turns).

Icepheonix32 the Martial Artist (DgTm)             Turns: 36103, Time: 01:45:11

Health: -5/111     AC: 10    Str: 19    XL:     15   Next: 20%
Magic:  27/30      EV: 33    Int: 19    God:
Gold:   2886       SH:  5    Dex: 27    Spells: 0/28 levels left

rFire   . . .      SeeInvis .     - Unarmed
rCold   . . .      Faith    .   (shield currently unavailable)
rNeg    . . .      Spirit   .   (body armour currently unavailable)
rPois   x          Reflect  +   (helmet currently unavailable)
rElec   .          Harm     .   (cloak currently unavailable)
rCorr   .          Rampage  .   (gloves currently unavailable)
Will    +....                   (boots currently unavailable)
Stlth   ++++......              y - amulet of reflection
HPRegen 0.28/turn               p - +4 ring of protection
MPRegen 0.22/turn               v - +4 ring of protection

@: spider-form, wereblooded, studying 2 skills
A: venomous fangs, tiny, high MP 1, forlorn, divine attributes, (poison
resistance)
a: End Transformation


You were on level 1 of the Orcish Mines.
You were a venomous arachnid creature.
You visited 3 branches of the dungeon, and saw 22 of its levels.
You also visited: Trove, Sewer and Ice Cave.

You collected 2886 gold pieces.

Inventory:

Missiles
 z - 6 datura-tipped darts
 D - 3 silver boomerangs
 K - 2 throwing nets
 M - 10 curare-tipped darts
Armour
 b - a +2 robe of the Archmagi
 r - a +2 pair of gloves (melded)
 t - the +1 steam dragon scales "Wehext" {rElec rC+ Int+4}
   (You found it in an ice cave)

   Int:       It affects your intelligence (+4).
   rC:        It protects you from cold.
   rElec:     It insulates you from electricity.
 w - the +4 skin of Zhor (melded) {*Englaciate rC+++ SInv}
   (You found it on level 7 of the Dungeon)

   It radiates cold, occasionally slowing all nearby creatures who are not
   resistant to cold.
   rC:        It renders you almost immune to cold.
   SInv:      It lets you see invisible.
 C - a +0 cloak of willpower (melded)
 F - a +2 pair of boots (melded)
 L - a +1 helmet (melded)
 N - a +2 cloak of cold resistance
Magical Staves
 X - a staff of cold (melded)
 Y - a staff of poison
Jewellery
 c - an amulet of guardian spirit
 j - a ring of resist corrosion
 p - a +4 ring of protection (left front leg)
 v - a +4 ring of protection (right front leg)
 y - an amulet of reflection (around neck)
 A - a ring of wizardry
 O - a +4 ring of evasion
 P - the ring "Wor Sof" {Wiz Slay+3 Stlth+}
   (You found it in an ice cave)

   [ring of wizardry]

   It improves your spell success rate.
   Slay:      It affects your accuracy & damage with ranged weapons and melee
   (+3).
   Stlth:     It makes you more stealthy.
 Q - a ring of fire
Wands
 l - a wand of flame (23)
 n - a wand of quicksilver (12)
 B - a wand of paralysis (17)
 S - a wand of roots (21)
 T - a wand of digging (5)
 W - a wand of polymorph (17)
Scrolls
 d - a scroll of fog
 f - 5 scrolls of amnesia
 s - 5 scrolls of magic mapping
 u - 2 scrolls of poison
 G - 3 scrolls of teleportation
 I - 8 scrolls of identify
 Z - 2 scrolls of fear
Potions
 a - 7 potions of curing
 e - 2 potions of resistance
 g - 6 potions of flight
 h - 3 potions of haste
 k - 3 potions of brilliance
 o - 2 potions of heal wounds
 q - 2 potions of magic
 x - a potion of berserk rage
 E - 2 potions of might
 H - a potion of cancellation
Miscellaneous
 i - a phantom mirror
 m - a tin of tremorstones (2/2)
 J - a box of beasts
 R - a condenser vane
 U - a phial of floods
 V - a lightning rod (4/4)


   Skills:
 + Level 4.5 Fighting
 + Level 0.3 Throwing
 * Level 10.2 Dodging
 + Level 4.7 Stealth
 + Level 2.3 Shields
 * Level 14.8 Unarmed Combat
 + Level 7.2 Spellcasting
 + Level 4.5 Hexes
 + Level 3.7 Translocations
 * Level 10.8 Transmutations
 + Level 0.6 Fire Magic
 + Level 6.7 Ice Magic
 + Level 3.1 Air Magic
 + Level 3.9 Poison Magic
 * Level 10.0 Evocations


You couldn't memorise any spells.
You knew the following spells:

 Your Spells              Type           Power      Damage    Failure   Level
a - Blade Hands           Tmut           23%        N/A       11%         5
b - Spider Form           Tmut/Pois      34%        N/A       6%          3
c - Wereblood             Tmut           47%        N/A       2%          2
d - Ice Form              Ice/Tmut       40%        N/A       10%         4
e - Ignite Poison         Fire/Tmut/Pois 26%        N/A       12%         3
g - Passwall              Tmut/Erth      22%        N/A       7%          2
h - Swiftness             Air            18%        N/A       22%         3
i - Blink                 Tloc           42%        N/A       11%         2
j - Slow                  Hex            96%        N/A       7%          1
k - Confusing Touch       Hex            24%        N/A       14%         3

Your spell library contained the following spells:

 Spells                   Type           Power      Damage    Failure   Level
 Beastly Appendage        Tmut           94%        N/A       1%          1
 Ensorcelled Hibernation  Hex/Ice        56%        N/A       6%          2
 Apportation              Tloc           42%        N/A       9%          1
 Tukima's Dance           Hex            24%        N/A       14%         3
 Portal Projectile        Hex/Tloc       44%        N/A       16%         3
 Gell's Gravitas          Tloc           21%        N/A       17%         3
 Lesser Beckoning         Tloc           21%        N/A       17%         3
 Teleport Other           Tloc           21%        N/A       17%         3
 Necrotise                Necr           24%        1d5       24%         1
 Summon Small Mammal      Summ           24%        N/A       24%         1
 Scorch                   Fire           18%        2d6       28%         2
 Sublimation of Blood     Necr           6%         N/A       34%         2
 Conjure Flame            Conj/Fire      8%         6-21      47%         3
 Vampiric Draining        Necr           6%         2d6       52%         3
 Manifold Assault         Tloc           21%        N/A       73%         5
 Flame Wave               Conj/Fire      8%         2d5       83%         4
 Sticky Flame             Conj/Fire      8%         2d3       83%         4
 Animate Dead             Necr           6%         N/A       86%         4
 Borgnjor's Vile Clutch   Necr/Erth      3%         N/A       99%         5
 Death Channel            Necr           3%         N/A       100%        6
 Summon Cactus Giant      Summ           3%         N/A       100%        6
 Summon Hydra             Summ           3%         N/A       100%        7


Dungeon Overview and Level Annotations

Branches:
Dungeon (15/15)            Temple (0/1) D:7            Lair (5/5) D:11
  Swamp (0/4) Lair:3        Snake (0/4) Lair:2        Slime (0/5) Lair:4
    Orc (2/2) D:12            Elf (0/3) Orc:2        Vaults (0/5) D:13
 Depths (0/4) D:15          Sewer (visited)           IceCv (visited)

Shops:
D:1 (   D:10 (   D:14 *   Orc:1 (

Annotations:
D:12 2 transporters, Hacinufale's ghost, journeyman TrTm
Lair:3 exclusion: 4 oklob plants
Orc:2 Saint Roka


Innate Abilities, Weirdness & Mutations

You are a venomous arachnid creature.
You have poisonous fangs.
You are tiny and dextrous.
Your spellcasting is less reliable in this form.
Your armour is entirely melded.
You are incapable of wielding weapons or throwing items.
You have an increased reservoir of magic. (+10% MP)
You shall have no god before yourself.
Your divine heritage dramatically boosts your attributes as you level up.
((Your system is resistant to poisons. (rPois)))


Message History

Unknown command.
You hit the orc.
The orc is poisoned.
The orc is moderately wounded.
Something misses you. You block the orc's attack.
The orc priest miscasts a cantrip.
The orc hits you with a +0 hand axe.
Casting: Spider Form (mildly dangerous; 6% risk of failure)
Confirm with . or Enter, or press ? or * to list all spells.
Your blood is infused with primal strength.
You feel a bit better.
You kill the orc!
You hear some strange, mumbled words.
Deactivating autopickup; reactivate with Ctrl-A.
Something tries to affect you, but you resist.
The orc priest calls down the wrath of Beogh upon you.
Beogh smites you! The orc completely misses you. You block the orc's attack.
You barely miss the orc. The orc hits you with a +0 hand axe.
The orc completely misses you.
The orc warlord hits you with a +2 war axe of freezing!!
The orc warlord freezes you! Something hits you but does no damage.
Unknown command.
You maul the orc!!
You feel a bit better.
You kill the orc!
Unknown command.
You bite the orc priest!
The orc priest is poisoned.
The orc priest is severely wounded.
Something closely misses you.
The orc priest mumbles some strange prayers to Beogh against you.
Pain shoots through your body!
The orc warlord hits you with a +2 war axe of freezing!
* * * LOW HITPOINT WARNING * * *
The orc warlord freezes you.
* * * LOW HITPOINT WARNING * * *
The orc completely misses you.
You barely miss the orc priest.
The orc priest is severely wounded.
Something hits you.
* * * LOW HITPOINT WARNING * * *
The orc warlord hits you with a +2 war axe of freezing!!
You die...

### ### ##.## ##### ##.###
##...# #...##
#.##.#####.#.##
##....####.....##.[)#.###
.#.....##......###.[[<[.##
.......#..∩#.......#.)...#
...#...#...#...{)o.#....##
....#.......#..)s####....#
...##..........#oo###..###
...#............o..#...#
.......#.......#.......#
##...####......#......##
##...# ###.#.#......##
#...## ######.#.### ##.##
#...## ### ##.##


You could see an orc warlord, an orc priest (strong, very poisoned) and 2 orcs.

Vanquished Creatures
  Rupert (D:12)
  2 azure jellies (IceCv)
  Azrael (D:12)
  The ghost of croobank the Destroyer, a journeyman DsCj of Gozag (Lair:5)
  Snorg (D:10)
  A fire dragon (Lair:5)
  Josephine (Lair:5)
  The ghost of wingedge the Skirmisher, a journeyman DgHu (D:10)
  A rakshasa (D:14)
  6 boulder beetles
  Harold (D:9)
  5 hydras
  Fannar (D:12)
  An ogre mage (D:15)
  7 centaur warriors
  4 vault guards (D:13)
  8 two-headed ogres
  8 death yaks
  2 tengu warriors (D:14)
  Urug (D:12)
  19 slime creatures
  Sonja (Lair:5)
  9 skeletal warriors
  A fire crab (Lair:3)
  Amaemon (D:10)
  A swamp dragon (Lair:5)
  A deep elf pyromancer (D:14)
  A deep elf zephyrmancer (D:15)
  A necromancer (D:15)
  An orc knight (Orc:1)
  3 orc sorcerers
  2 manticores
  A cyclops (Orc:1)
  A centaur zombie (D:15)
  2 ice statues (IceCv)
  5 black mambas
  5 elephants (Lair:5)
  2 gargoyles
  A naga mage (D:15)
  10 cane toads
  2 centaur skeletons (D:15)
  An unseen horror (D:11)
  An orange demon (D:10)
  4 komodo dragons
  2 efreet
  10 rime drakes
  A redback zombie (D:15)
  A tengu conjurer (D:14)
  A queen bee (Lair:3)
  9 trolls
  A polar bear (Lair:5)
  9 blink frogs
  2 hornets
  Prince Ribbit (Lair:2)
  3 meliai (D:14)
  5 dream sheep (Lair:3)
  8 wyverns
  2 vampires (D:14)
  7 wraiths
  3 water elementals
  3 fire elementals (D:11)
  29 yaks
  9 basilisks
  8 humans (D:13)
  A golden eye (shapeshifter) (D:15)
  Grum (D:11)
  2 steam dragons
  2 neqoxecs (D:10)
  8 vampire mosquitoes
  2 swamp worms (Lair:3)
  2 nagas (Lair:2)
  5 acid dragons
  A hell hound (D:12)
  16 water moccasins
  The ghost of Wentworth the Chiller, an amateur VSIE of Gozag (D:4)
  Pargi (Sewer)
  9 orc warriors
  2 sky beasts
  3 ice beasts
  A swamp drake (Lair:5)
  3 black bears
  3 great orb of eyes simulacra (IceCv)
  28 wolves
  4 ogres
  3 phantoms
  4 slime creature simulacra (IceCv)
  13 centaurs
  2 kobold brigands
  9 bullfrogs
  A necrophage (D:7)
  A gnoll sergeant (D:5)
  3 scorpions
  2 glowing shapeshifter simulacra (IceCv)
  3 wights (D:9)
  49 killer bees
  7 howler monkeys
  7 electric eels
  3 quasits (D:10)
  3 gnoll boudas
  8 hounds
  8 orc priests
  8 iguanas
  12 orc wizards
  A shapeshifter simulacrum (IceCv)
  12 gnolls
  A river rat (Lair:3)
  10 adders
  A shadow imp (D:6)
  2 white imps
  2 ufetubi (D:5)
  4 worms
  48 orcs
  12 bats
  5 endoplasms
  6 giant cockroaches
  5 goblins
  9 hobgoblins
  10 jackals
  6 quokkas
  9 ball pythons
  A frilled lizard (Sewer)
  20 kobolds
  9 rats
658 creatures vanquished.

Vanquished Creatures (collateral kills)
  A slime creature (IceCv)
1 creature vanquished.

Vanquished Creatures (others)
  A basilisk (Lair:5)
  A steam dragon (Lair:5)
  A shapeshifter simulacrum (IceCv)
  2 orcs (Orc:2)
  22 fungi
  36 plants
63 creatures vanquished.

Grand Total: 722 creatures vanquished

Notes
Turn   | Place    | Note
-------+----------+-------------------------------------------
     0 | D:1      | Icepheonix32 the Demigod Transmuter began the quest for the
                  | Orb.
     0 | D:1      | Reached XP level 1. HP: 15/15 MP: 5/5
    37 | D:1      | Reached skill level 3 in Unarmed Combat
   516 | D:1      | Reached XP level 2. HP: 21/22 MP: 5/7
   599 | D:1      | Found Taihey's Weapon Boutique.
  1622 | D:2      | Reached XP level 3. HP: 23/27 MP: 6/8
  2094 | D:2      | Learned a level 3 spell: Spider Form
  2097 | D:2      | Learned a level 2 spell: Wereblood
  2726 | D:3      | Reached skill level 1 in Fighting
  2928 | D:3      | Reached XP level 4. HP: 35/35 MP: 10/10
  3832 | D:4      | Found a glowing drain.
  3839 | Sewer    | Entered a sewer
  4092 | Sewer    | Noticed Pargi
  4110 | Sewer    | Killed Pargi
  4111 | Sewer    | Reached XP level 5. HP: 12/40 MP: 12/12
  4452 | D:4      | Reached skill level 4 in Unarmed Combat
  4452 | D:4      | Reached skill level 1 in Poison Magic
  4919 | D:4      | Reached XP level 6. HP: 45/47 MP: 13/13
  4924 | D:4      | Learned a level 4 spell: Ice Form
  5017 | D:4      | Found a transporter.
  5022 | D:4      | Noticed Wentworth's ghost (amateur VSIE)
  5213 | D:4      | Found a transporter.
  5421 | D:5      | Entered Level 5 of the Dungeon
  5505 | D:5      | Reached XP level 7. HP: 35/52 MP: 14/14
  5772 | D:5      | Reached skill level 5 in Unarmed Combat
  5772 | D:5      | Reached skill level 1 in Ice Magic
  6696 | D:6      | Reached XP level 8. HP: 59/59 MP: 16/16
  6772 | D:6      | Reached skill level 1 in Stealth
  6874 | D:6      | Reached skill level 6 in Unarmed Combat
  7526 | D:6      | Reached skill level 5 in Transmutations
  8104 | D:7      | Reached XP level 9. HP: 42/66 MP: 15/18
  8367 | D:7      | Noticed a rime drake
  8367 | D:7      | Noticed a rime drake
  8369 | D:7      | Noticed a rime drake
  8369 | D:7      | Noticed a rime drake
  8370 | D:7      | Noticed a rime drake
  8656 | D:7      | Found a staircase to the Ecumenical Temple.
  9023 | D:7      | Noticed a rime drake
  9057 | D:7      | Killed a rime drake
  9063 | D:7      | Killed a rime drake
  9064 | D:7      | Reached skill level 7 in Unarmed Combat
  9070 | D:7      | Killed a rime drake
  9074 | D:7      | Killed a rime drake
  9078 | D:7      | Killed a rime drake
  9083 | D:7      | Killed a rime drake
  9300 | D:7      | Found the +4 skin of Zhor {*Englaciate rC+++ SInv}
 10369 | D:8      | Reached XP level 10. HP: 73/73 MP: 17/20
 10430 | D:8      | Reached skill level 5 in Ice Magic
 10431 | D:8      | Reached skill level 8 in Unarmed Combat
 10493 | D:8      | Reached skill level 5 in Dodging
 11219 | D:8      | Learned a level 3 spell: Ignite Poison
 11222 | D:8      | Learned a level 2 spell: Ensorcelled Hibernation
 11309 | D:9      | Paralysed by a hornet for 2 turns
 11839 | D:9      | Reached skill level 1 in Hexes
 12232 | D:9      | Reached skill level 5 in Spellcasting
 12308 | D:9      | Noticed Harold
 12325 | D:9      | Killed Harold
 12505 | D:9      | Learned a level 2 spell: Passwall
 12518 | D:10     | Entered Level 10 of the Dungeon
 12536 | D:10     | Found Sycripte's Weapon Boutique.
 12564 | D:10     | Noticed Amaemon
 12594 | D:10     | Killed Amaemon
 12788 | D:10     | Reached skill level 9 in Unarmed Combat
 12822 | D:10     | Reached skill level 1 in Evocations
 13084 | D:10     | Found a portal to a secret trove of treasure.
 13127 | D:11     | Noticed a manticore
 13139 | D:11     | Reached XP level 11. HP: 41/81 MP: 19/22
 13217 | D:11     | Noticed Grum
 13234 | D:11     | Found a staircase to the Lair.
 13240 | D:11     | Killed Grum
 13261 | D:11     | Found a frozen archway.
 13368 | IceCv    | Entered an ice cave
 13935 | IceCv    | Reached skill level 10 in Unarmed Combat
 14166 | IceCv    | Identified the +1 steam dragon scales "Wehext" {rElec rC+
                  | Int+4}
 15014 | IceCv    | Noticed an azure jelly
 15027 | IceCv    | Killed an azure jelly
 15030 | IceCv    | Noticed an azure jelly
 15037 | IceCv    | Killed an azure jelly
 15271 | IceCv    | Got the +9 spear "Tiyrhar" {freeze, *Corrode Str+2 Int+3
                  | Stlth+}
 15275 | IceCv    | Identified the ring "Wor Sof" {Wiz Slay+3 Stlth+}
 15785 | D:11     | Reached XP level 12. HP: 89/89 MP: 24/24
 15801 | D:11     | Noticed a boulder beetle
 15823 | D:11     | Killed a boulder beetle
 16246 | D:10     | Noticed Snorg
 16263 | D:10     | Killed Snorg
 16264 | D:10     | HP: 7/159 [orc wizard/puff of flame (6)]
 16638 | D:10     | Found a transporter.
 16639 | D:10     | Noticed wingedge's ghost (journeyman DgHu)
 16752 | D:10     | Found a transporter.
 17120 | Lair:1   | Entered Level 1 of the Lair of Beasts
 17151 | Lair:1   | Reached skill level 11 in Unarmed Combat
 17303 | D:12     | Noticed Fannar
 17380 | D:12     | Noticed Urug
 17386 | D:12     | Killed Urug
 17474 | D:10     | You paid a toll of 15 scrolls of teleportation to enter a
                  | treasure trove
 17475 | Trove    | Entered a treasure trove
 17557 | D:10     | Learned a level 3 spell: Swiftness
 17560 | D:10     | Learned a level 2 spell: Blink
 17966 | Lair:1   | Reached skill level 1 in Translocations
 17966 | Lair:1   | Reached skill level 1 in Air Magic
 18193 | Lair:1   | Noticed a five-headed hydra
 18228 | Lair:1   | Killed a five-headed hydra
 19108 | Lair:2   | You fall into a shaft and drop 2 floors!
 19108 | Lair:4   | Found a staircase to the Slime Pits.
 19852 | Lair:4   | Identified a scroll of acquirement
 19853 | Lair:4   | Acquired 1177 gold pieces
 20585 | Lair:3   | Found a staircase to the Swamp.
 20644 | Lair:3   | Reached skill level 5 in Evocations
 20696 | Lair:3   | Reached XP level 13. HP: 94/96 MP: 26/26
 22054 | Lair:2   | Noticed Prince Ribbit
 22068 | Lair:2   | Killed Prince Ribbit
 22077 | Lair:2   | Reached skill level 1 in Shields
 22153 | Lair:2   | Found a staircase to the Snake Pit.
 22844 | Lair:2   | Reached skill level 12 in Unarmed Combat
 23444 | Lair:5   | Entered Level 5 of the Lair of Beasts
 23478 | Lair:5   | Noticed Josephine
 24107 | Lair:5   | Noticed Sonja
 24112 | Lair:5   | Killed Sonja
 24599 | Lair:5   | Killed Josephine
 24998 | Lair:4   | Learned a level 1 spell: Slow
 25508 | Lair:5   | Found a runed translucent gate.
 25510 | Lair:5   | Found a runed translucent gate.
 25510 | Lair:5   | Found a runed translucent gate.
 25511 | Lair:5   | Noticed croobank's ghost (journeyman DsCj)
 25696 | Lair:5   | Reached XP level 14. HP: 82/104 MP: 22/28
 26503 | Lair:5   | Killed croobank's ghost
 26878 | D:12     | Identified the +12 spear of Jonir {flame, Will+}
 26900 | D:12     | Killed Fannar
 26950 | D:12     | Reached skill level 13 in Unarmed Combat
 27182 | D:12     | Found a transporter.
 27183 | D:12     | Noticed Hacinufale's ghost (journeyman TrTm)
 27208 | D:12     | Found a transporter.
 27230 | D:12     | Found a staircase to the Orcish Mines.
 27587 | D:12     | Reached skill level 10 in Transmutations
 27736 | D:12     | Noticed Rupert
 27738 | D:12     | Paralysed by Rupert for 3 turns
 27747 | D:12     | Paralysed by Rupert for 4 turns
 27753 | D:12     | Killed Rupert
 28068 | D:12     | Noticed Azrael
 28601 | D:12     | Killed Azrael
 29141 | D:4      | Killed Wentworth's ghost
 29505 | D:10     | Gained mutation: Potions are less effective at restoring
                  | your health. [a neqoxec]
 29506 | D:10     | Gained mutation: You occasionally lose the ability to read
                  | scrolls when taking damage. [a neqoxec]
 29514 | D:10     | Killed wingedge's ghost
 29617 | D:10     | Lost mutation: You occasionally lose the ability to read
                  | scrolls when taking damage. [potion of mutation]
 29617 | D:10     | Lost mutation: Potions are less effective at restoring your
                  | health. [potion of mutation]
 29617 | D:10     | Gained mutation: Your system is resistant to poisons.
                  | (rPois) [potion of mutation]
 30407 | D:13     | Found a gate to the Vaults.
 30409 | D:13     | Identified the +8 great sword of Waleguco {vamp, rN+}
 31331 | D:13     | Learned a level 3 spell: Confusing Touch
 31434 | D:14     | Found Gadwu's Blood Bar.
 31585 | D:14     | Reached skill level 14 in Unarmed Combat
 32866 | D:15     | Entered Level 15 of the Dungeon
 33279 | D:15     | Reached XP level 15. HP: 59/111 MP: 16/30
 33469 | D:15     | Reached skill level 10 in Dodging
 34106 | D:14     | Learned a level 5 spell: Blade Hands
 34763 | D:15     | Found a staircase to the Depths.
 34964 | Orc:1    | Entered Level 1 of the Orcish Mines
 34999 | Orc:1    | Reached skill level 10 in Evocations
 35240 | Orc:1    | Found Hinus's Antique Weapon Shoppe.
 35377 | Orc:2    | Entered Level 2 of the Orcish Mines
 35377 | Orc:2    | Found a staircase to the Elven Halls.
 35383 | Orc:2    | Noticed Saint Roka
 36103 | Orc:1    | Slain by an orc warlord

Illustrated notes

Levels and vault maps discovered:
D:1:      giann_forest_graveyard, layout_basic,
          chequers_ecumenical_altar_simple, serial_shops,
          nicolae_shop_bloodbath_and_beyond
D:2:      layout_basic
D:3:      layout_basic, gammafunk_temple_overflow_pools, minivault_14
D:4:      wander_river, layout_loops_ring, kennysheep_mini,
          gup_sewer_entry_bubbles, gammafunk_ghost_arena
D:5:      layout_loops_ring, grunt_temple_overflow_open,
          minmay_manual_macuahuitl
D:6:      layout_basic, kennysheep_cluttered_room, kennysheep_generic_room_15
D:7:      layout_basic, minmay_temple_entry_antechambers,
          minmay_misc_feat_alley, hellmonk_guarded_unrand_zhor
D:8:      layout_basic, marbit_many_paths, gammafunk_temple_overflow_claw,
          nicolae_zen_rock_garden, lightli_minifort
D:9:      layout_basic, library_closet, hangedman_decor_slide_cut, uniq_harold
D:10:     layout_rooms, serial_shops, nicolae_shop_trees,
          trove_entry_hex_spiral, gammafunk_ghost_stat_death,
          grunt_decor_arrowhead, uniq_amaemon, uniq_snorg
D:11:     layout_rooms, erik_lair_island, portal_ice_cave_entry_pillars_2,
          uniq_grum
D:12:     layout_gridville, orc_0_dummy, gammafunk_ghost_wrathful_warriors,
          columned_hall_lemuel, minmay_quadrilaterals, uniq_azrael, uniq_fannar,
          uniq_urug, uniq_rupert
D:13:     layout_rooms, ximxim_vaults_locker_room, minivault_12
D:14:     layout_basic, nicolae_hepliaklqana_hazy_memory, guppyfry_shop_blood
D:15:     grunt_enter_depths_magical_seal, layout_long_grid,
          cheibrodos_ashenzari_chains, chequers_serial_rivers_micro_c
Lair:1:   layout_small_grid
Lair:2:   layout_cave_pods, guppyfry_snake_entry_island, uniq_prince_ribbit2
Lair:3:   hangedman_what_comes_after_a, layout_loops_ring,
          minmay_swamp_entry_worms
Lair:4:   layout_loops_ring, slime_entry_1, grunt_megastairs_5
Lair:5:   guppyfry_lair_end_dragon, layout_concentric_octagons,
          ebering_ghost_rock_garden, uniq_sonja, uniq_josephine
Orc:1:    layout_diamond_mine, serial_shops, shop
Orc:2:    st_orc_elflike, layout_diamond_mine, basic_altar, uniq_saint_roka

Skill      XL: |  1  2  3  4  5  6  7  8  9 10 11 12 13 14 15 |
---------------+----------------------------------------------+-----
Unarmed Combat | 3 4 5 6 7 9 10 11 12 14 | 14.8
Spellcasting   | 2 3 4 5 6 7 |  7.2
Transmutations | 2 3 4 5 6 7 8 9 10 | 10.8
Dodging        | 2 3 4 5 6 7 9 10 | 10.2
Fighting       | 1 2 3 4 |  4.5
Poison Magic   | 1 2 3 |  3.9
Ice Magic      | 1 3 4 5 6 |  6.7
Stealth        | 1 2 3 4 |  4.7
Hexes          | 2 4 |  4.5
Evocations     | 1 3 5 7 9 10 | 10.0
Translocations | 2 3 |  3.7
Air Magic      | 2 3 |  3.1
Shields        | 1 2 |  2.3
Throwing       | |  0.3
Fire Magic     | |  0.6

Action                   |  1- 3 |  4- 6 |  7- 9 | 10-12 | 13-15 || total
-------------------------+-------+-------+-------+-------+-------++-------
Melee: Unarmed           |   139 |   192 |   289 |   643 |   853 ||  2116
       Kick              |    24 |    25 |     6 |       |       ||    55
       Headbutt          |    11 |    24 |     3 |       |       ||    38
       Punch             |     3 |     3 |     2 |       |     9 ||    17
       Staff             |       |       |       |     1 |    25 ||    26
Throw: Dart              |       |       |       |     1 |    10 ||    11
       Boomerang         |       |       |       |     2 |       ||     2
 Cast: Beastly Appendage |    34 |    24 |     5 |       |       ||    63
       Spider Form       |     1 |     4 |    26 |     3 |    27 ||    61
       Wereblood         |     1 |     1 |     7 |    17 |    27 ||    53
       Ice Form          |       |       |    14 |    53 |    56 ||   123
       Ignite Poison     |       |       |       |     1 |    16 ||    17
       Swiftness         |       |       |       |       |     2 ||     2
       Blade Hands       |       |       |       |       |     8 ||     8
 Abil: End Transformatio |       |       |     3 |     2 |     1 ||     6
Evoke: Wand              |       |       |     3 |    26 |     4 ||    33
       Phantom mirror    |       |       |       |     1 |     1 ||     2
       Box of beasts     |       |       |       |     1 |       ||     1
       Tin of tremorston |       |       |       |       |     2 ||     2
       Lightning rod     |       |       |       |       |     1 ||     1
  Use: Potion            |     1 |     4 |     4 |     6 |     2 ||    17
       Scroll            |       |     7 |     8 |     8 |     9 ||    32
 Stab: Sleeping          |       |       |     1 |     8 |     5 ||    14
       Paralysed         |       |       |       |     4 |       ||     4
       Distracted        |       |       |       |     1 |       ||     1
       Confused          |       |       |       |       |     1 ||     1
Armor: Robe              |    39 |    69 |    17 |       |     1 ||   126
       Skin              |     3 |    15 |    76 |   259 |   250 ||   603
       Animal skin       |       |       |       |     4 |    46 ||    50
Dodge: Dodged            |   107 |   150 |   243 |   386 |   681 ||  1567
Block: Other             |       |       |       |    17 |   167 ||   184
       Reflection        |       |       |       |       |     7 ||     7
